[Event "Team 45 45 League T94"]
[Site "Internet Chess Club"]
[Date "2022.11.12"]
[Round "5"]
[White "Gilguli"]
[Black "mongmong"]
[Result "0-1"]
[WhiteElo "1367"]
[BlackElo "1544"]
[Opening "French: King's Indian attack"]
[ECO "C00"]
[Time "10:02:02"]
[PlyCount "86"]
[TimeControl "2700+45"]

1. e4 e6 2. d3 d5 3. Nd2 Nf6 4. e5 Nfd7 5. f4 c5 6. Ngf3 Nc6 7. c3 b5 8. g4 b4
9. Bg2 a5 10. Nf1 Ba6 11. Ng3 Qb6 12. Be3 Qb5 13. Bf1 c4 14. d4 Rb8 15. Bd2 Nb6
16. Be2 a4 17. O-O a3 18. bxa3 bxc3 19. Bxc3 Be7 20. f5 Na4 21. Rb1 Qxb1 22.
Qxb1 Rxb1 23. Rxb1 Nxc3 24. Rb6 Nxe2+ 25. Nxe2 Bc8 26. Rxc6 Kd7 27. Rb6 Bxa3 28.
fxe6+ fxe6 29. Ng5 Kc7 30. Rb5 Be7 31. Nf4 Bxg5 32. Rc5+ Kd7 33. Nh3 Be3+ 34.
Kg2 Bxd4 35. Ra5 Bxe5 36. Ng5 Bc7 37. Ra7 h6 38. Nf7 Rf8 39. Ne5+ Kd6 40. Ng6
Rf7 41. Kg3 c3 42. Nf4 c2 43. Ra6+ Bxa6 {White resigns} 0-1

[Event "Team 45 45 League T94"]
[Site "Internet Chess Club"]
[Date "2022.11.15"]
[Round "5"]
[White "Lawkeito"]
[Black "evan7284"]
[Result "1/2-1/2"]
[WhiteElo "1616"]
[BlackElo "1587"]
[Opening "QGD: exchange, positional line, 5...c6"]
[ECO "D35"]
[Time "14:31:02"]
[PlyCount "46"]
[TimeControl "2700+45"]

1. d4 d5 2. c4 e6 3. Nc3 Nf6 4. cxd5 exd5 5. Bg5 c6 6. e3 Bf5 7. Qf3 Bg6 8. Bxf6
Qxf6 9. Qxf6 gxf6 10. Kd2 Nd7 11. Bd3 Bxd3 12. Kxd3 f5 13. Nge2 Bd6 14. h4 Rg8
15. g3 Nf6 16. Rhc1 Ne4 17. Nd1 Kd7 18. Rab1 a5 19. Rc2 Rgc8 20. Nf4 Ra6 21. Nc3
Rg8 22. Rg1 Ke7 23. Rg2 Raa8 {Game drawn by mutual agreement} 1/2-1/2

[Event "Team 45 45 League T94"]
[Site "Internet Chess Club"]
[Date "2022.11.10"]
[Round "5"]
[White "WillC"]
[Black "manfredo"]
[Result "1-0"]
[WhiteElo "1588"]
[BlackElo "1513"]
[Opening "King's Indian: East Indian defense"]
[ECO "A48"]
[Time "18:04:35"]
[PlyCount "51"]
[TimeControl "2700+45"]

1. d4 Nf6 2. Nf3 g6 3. b3 Bg7 4. Bb2 O-O 5. e3 d6 6. Be2 Bf5 7. Nbd2 c5 8. c4
Nc6 9. O-O Ne4 10. Nxe4 Bxe4 11. Ng5 Bf5 12. e4 Bd7 13. Nf3 e5 14. dxe5 Nxe5 15.
Qd2 Bc6 16. Qc2 a6 17. Rad1 Qe7 18. Rfe1 Rfd8 19. Nd2 b5 20. f4 Nd7 21. Bxg7
Kxg7 22. f5 gxf5 23. exf5 Qe3+ 24. Kh1 Bxg2+ 25. Kxg2 Qg5+ 26. Kh1 {Black
resigns} 1-0

[Event "Team 45 45 League T94"]
[Site "Internet Chess Club"]
[Date "2022.11.14"]
[Round "5"]
[White "fvafier"]
[Black "BIRDSMAN"]
[Result "1-0"]
[WhiteElo "1536"]
[BlackElo "1294"]
[Opening "Sicilian"]
[ECO "B50"]
[Time "15:00:27"]
[PlyCount "99"]
[TimeControl "2700+45"]

1. e4 c5 2. Nf3 d6 3. g3 Nc6 4. d3 g6 5. Bg2 Bg7 6. O-O Nf6 7. Re1 Qc7 8. Nbd2
Rb8 9. c3 O-O 10. d4 cxd4 11. cxd4 d5 12. e5 Ne8 13. Nb3 b6 14. Bf4 e6 15. Rc1
Qd7 16. Bf1 a6 17. Bd2 Bb7 18. Qe2 Nc7 19. Bh3 Rfc8 20. Bf4 Ne8 21. Bg2 Nb4 22.
a3 Rxc1 23. Nxc1 Nc6 24. h4 h5 25. Qd2 Kh7 26. Bh3 Na5 27. b3 Bf8 28. Qb2 Rc8
29. Ng5+ Kg8 30. g4 Ng7 31. Be3 Qc6 32. gxh5 Nxh5 33. Qe2 Qc2 34. Qf3 Rc7 35.
Bg4 Ng7 36. h5 Nxb3 37. Nxb3 Qxb3 38. hxg6 fxg6 39. Qh3 Nf5 40. Nxe6 Rf7 41. Ng5
Rg7 42. Kg2 Be7 43. Rh1 Nxe3+ 44. fxe3 Qc2+ 45. Kg3 Bxg5 46. Be6+ Kf8 47. Qh8+
Ke7 48. Qxg7+ Kxe6 49. Qg8+ Ke7 50. Rh7# {Black checkmated} 1-0

[Event "Team 45 45 League T94"]
[Site "Internet Chess Club"]
[Date "2022.11.13"]
[Round "5"]
[White "sdcohle"]
[Black "Denis240964"]
[Result "0-1"]
[WhiteElo "1297"]
[BlackElo "1428"]
[Opening "Ruy Lopez: Anderssen variation"]
[ECO "C77"]
[Time "17:00:46"]
[PlyCount "102"]
[TimeControl "2700+45"]

1. e4 e5 2. Nf3 Nc6 3. Bb5 a6 4. Ba4 Nf6 5. d3 b5 6. Bb3 Be7 7. c3 d6 8. Bc2 Bg4
9. h3 Bh5 10. d4 O-O 11. dxe5 dxe5 12. Qxd8 Raxd8 13. Nbd2 Bc5 14. O-O h6 15. b4
Ba7 16. a3 g5 17. g4 Bg6 18. Bb2 Rd6 19. c4 Nd4 20. Nxd4 Bxd4 21. Bxd4 Rxd4 22.
Nf3 Rxc4 23. Bb1 Re8 24. Nd2 Rc3 25. f3 Rd8 26. Ra2 c5 27. bxc5 Rxc5 28. Nb3 Rc3
29. Na5 Rdc8 30. Rff2 Rc1+ 31. Rf1 Rxf1+ 32. Kxf1 Rc1+ 33. Kf2 Rxb1 34. Nc6 Nd7
35. Rd2 Nc5 36. Rd8+ Kg7 37. Ne7 Ra1 38. Rd6 Rxa3 39. Nxg6 fxg6 40. Rd5 Rc3 41.
Ke2 b4 42. Rxe5 a5 43. Rd5 a4 44. e5 a3 45. Rd6 a2 46. Rc6 a1=Q 47. Rc7+ Kf8 48.
Rc8+ Ke7 49. Rc7+ Kd8 50. Rc6 Qb2+ 51. Kf1 Rc1# {White checkmated} 0-1

[Event "Team 45 45 League T94"]
[Site "Internet Chess Club"]
[Date "2022.11.12"]
[Round "5"]
[White "Packerfan"]
[Black "primerpaso"]
[Result "1-0"]
[WhiteElo "1704"]
[BlackElo "1785"]
[Opening "Sicilian: Alapin's variation (2.c3)"]
[ECO "B22"]
[Time "10:31:04"]
[PlyCount "121"]
[TimeControl "2700+45"]

1. e4 c5 2. c3 d5 3. exd5 Qxd5 4. d4 Nf6 5. Nf3 Bg4 6. Be2 e6 7. O-O Be7 8. h3
Bh5 9. dxc5 Qxd1 10. Rxd1 Bxc5 11. Nbd2 Ke7 12. Nb3 Bb6 13. Nbd4 Nbd7 14. Kf1
Rhd8 15. Bg5 h6 16. Bf4 Nc5 17. a4 Nd5 18. Bh2 a6 19. b4 Ne4 20. c4 Nxb4 21.
Rab1 Bc5 22. Bc7 Rd7 23. Ba5 Na2 24. Rb3 Bxd4 25. Rxd4 Rxd4 26. Nxd4 Bxe2+ 27.
Nxe2 b5 28. Rb2 bxc4 29. Rxa2 Rb8 30. Nc3 Nc5 31. Bc7 Rb3 32. Rc2 Ra3 33. a5
Ra1+ 34. Ke2 Nb3 35. Bb6 Nxa5 36. Bxa5 Rxa5 37. Ra2 Rxa2+ 38. Nxa2 Kd6 39. Kd2
Kc5 40. Kc3 a5 41. Nc1 e5 42. Ne2 f5 43. Ng3 g6 44. Nf1 a4 45. Ne3 a3 46. Nc2 a2
47. Kb2 e4 48. Kxa2 f4 49. Kb2 e3 50. fxe3 fxe3 51. Kc3 Kd5 52. Nxe3+ Ke4 53.
Nxc4 g5 54. Kd2 Kf4 55. Ke2 g4 56. hxg4 Kxg4 57. Kf2 h5 58. Ne3+ Kg5 59. Kg3 h4+
60. Kh3 Kf4 61. Nf1 {Black resigns} 1-0

[Event "Team 45 45 League T94"]
[Site "Internet Chess Club"]
[Date "2022.11.12"]
[Round "5"]
[White "LookImYourVader"]
[Black "ivanson"]
[Result "1-0"]
[WhiteElo "1803"]
[BlackElo "1591"]
[Opening "Two knights defense (Modern bishop's opening)"]
[ECO "C24"]
[Time "14:34:13"]
[PlyCount "45"]
[TimeControl "2700+45"]

1. e4 e5 2. Bc4 Nf6 3. d3 Nc6 4. Nf3 Be7 5. O-O O-O 6. c3 d6 7. Nbd2 Na5 8. b4
Nxc4 9. Nxc4 Bg4 10. Ne3 Be6 11. Qc2 Re8 12. d4 exd4 13. cxd4 d5 14. e5 Nd7 15.
Ne1 Bxb4 16. Nd3 Ba5 17. f4 Nf8 18. f5 Bc8 19. Qf2 Bb6 20. Bb2 c6 21. Qg3 f6 22.
Ng4 fxe5 23. Nh6+ {Black resigns} 1-0

[Event "Team 45 45 League T94"]
[Site "Internet Chess Club"]
[Date "2022.11.14"]
[Round "5"]
[White "RD1974"]
[Black "mongmong"]
[Result "1-0"]
[WhiteElo "1610"]
[BlackElo "1530"]
[Opening "Catalan opening"]
[ECO "E00"]
[Time "18:09:54"]
[PlyCount "21"]
[TimeControl "2700+45"]

1. d4 e6 2. c4 Nf6 3. g3 Bb4+ 4. Bd2 Qe7 5. Bg2 Nc6 6. e3 Bxd2+ 7. Nxd2 d5 8.
Rc1 Bd7 9. Ne2 Nb4 10. Qb3 Ba4 11. Qxa4+ {Black resigns} 1-0

[Event "Team 45 45 League T94"]
[Site "Internet Chess Club"]
[Date "2022.11.13"]
[Round "5"]
[White "fileman"]
[Black "Davidorcinus"]
[Result "1-0"]
[WhiteElo "1818"]
[BlackElo "1761"]
[Opening "Dutch, 2.Bg5 variation"]
[ECO "A80"]
[Time "16:06:26"]
[PlyCount "65"]
[TimeControl "2700+45"]

1. d4 f5 2. Bg5 h6 3. Bh4 g5 4. Bg3 Nf6 5. e3 d6 6. Nc3 Nc6 7. Bd3 e5 8. h4 Bg7
9. dxe5 dxe5 10. hxg5 hxg5 11. Rxh8+ Bxh8 12. Qe2 Qe7 13. O-O-O Bd7 14. Nd5 Nxd5
15. Qh5+ Qf7 16. Qxh8+ Qf8 17. Qh5+ Kd8 18. Qxg5+ Kc8 19. Bxf5 Bxf5 20. Rxd5 Nb4
21. Rd2 Nxa2+ 22. Kb1 Nb4 23. Bxe5 b6 24. g4 Bh7 25. Bf6 Qf7 26. Kc1 Qc4 27. Qf4
Na2+ 28. Kb1 Qb3 29. e4 Qc4 30. Ne2 Bxe4 31. f3 Nb4 32. Rd8+ Kb7 33. Qxe4+
{Black resigns} 1-0

[Event "Team 45 45 League T94"]
[Site "Internet Chess Club"]
[Date "2022.11.13"]
[Round "5"]
[White "hipopotamos"]
[Black "MrAbendroth"]
[Result "1-0"]
[WhiteElo "1740"]
[BlackElo "1583"]
[Opening "French: Schlechter variation"]
[ECO "C01"]
[Time "15:00:36"]
[PlyCount "97"]
[TimeControl "2700+45"]

1. e4 e6 2. d4 d5 3. Bd3 dxe4 4. Bxe4 Nf6 5. Bf3 Be7 6. Ne2 O-O 7. O-O c5 8. c3
Nc6 9. Be3 Qb6 10. Qc2 Bd7 11. Rd1 Rad8 12. Nd2 cxd4 13. Nxd4 Nxd4 14. Bxd4 Qc7
15. Ne4 Nxe4 16. Bxe4 h6 17. Rd3 e5 18. Be3 Bb5 19. Rxd8 Rxd8 20. Rd1 a6 21. b3
Bc6 22. Rxd8+ Bxd8 23. c4 Qd6 24. h3 Be7 25. Bxc6 Qxc6 26. Qd3 e4 27. Qd4 Bf6
28. Qc5 Qxc5 29. Bxc5 Be5 30. Kf1 f5 31. Ke2 Kf7 32. Ke3 g5 33. g4 Ke6 34. Bf8
h5 35. gxh5 Kf7 36. Bc5 Kg8 37. a4 Kh7 38. Be7 Kh6 39. h4 Bf4+ 40. Ke2 gxh4 41.
Bxh4 Kxh5 42. Bd8 Bc1 43. f3 e3 44. b4 f4 45. b5 axb5 46. cxb5 Ba3 47. Bb6 Kg6
48. a5 Bd6 49. a6 {Black resigns} 1-0

[Event "Team 45 45 League T94"]
[Site "Internet Chess Club"]
[Date "2022.11.11"]
[Round "5"]
[White "Egmont"]
[Black "qs16"]
[Result "1/2-1/2"]
[WhiteElo "1613"]
[BlackElo "1641"]
[Opening "QGD: Semi-Tarrasch, 5.cd"]
[ECO "D41"]
[Time "03:01:04"]
[PlyCount "50"]
[TimeControl "2700+45"]

1. d4 Nf6 2. c4 e6 3. Nc3 d5 4. Nf3 c5 5. cxd5 Nxd5 6. e4 Nxc3 7. bxc3 cxd4 8.
cxd4 Bb4+ 9. Bd2 Bxd2+ 10. Qxd2 Nc6 11. Bd3 O-O 12. Bc2 b6 13. O-O Ne7 14. Rfe1
Bb7 15. Bb3 Rc8 16. Rac1 Rxc1 17. Qxc1 Qd6 18. Qe3 h6 19. Rc1 Rc8 20. Rxc8+ Nxc8
21. h3 Ne7 22. Ne5 Nc6 23. Nxc6 Bxc6 24. e5 Qd8 25. f4 Bd5 {Game drawn by mutual
agreement} 1/2-1/2

[Event "Team 45 45 League T94"]
[Site "Internet Chess Club"]
[Date "2022.11.13"]
[Round "5"]
[White "BlueStorm"]
[Black "LoseOften"]
[Result "1-0"]
[WhiteElo "1571"]
[BlackElo "1625"]
[Opening "Queen's pawn: Yusupov-Rubinstein system"]
[ECO "A46"]
[Time "11:00:21"]
[PlyCount "62"]
[TimeControl "2700+45"]

1. d4 Nf6 2. Nf3 e6 3. e3 b6 4. Nbd2 Bb7 5. Bd3 c5 6. b3 d5 7. Bb2 Be7 8. Qe2
Ne4 9. Bb5+ Bc6 10. Ne5 Qc7 11. Nxe4 dxe4 12. O-O-O O-O 13. Bxc6 Nxc6 14. Nxc6
Qxc6 15. dxc5 Bxc5 16. Rd2 Rfd8 17. Rhd1 Rd5 18. c4 Rd6 19. Rxd6 Bxd6 20. Qg4
Bf8 21. Rd4 f5 22. Qf4 b5 23. Kb1 a5 24. Qe5 b4 25. g4 g6 26. Rd2 Kf7 27. Qh8
Bd6 28. Qxh7+ Kf8 29. Qxg6 a4 30. Qf6+ Ke8 31. Qxe6+ Be7 {Black resigns} 1-0

[Event "Team 45 45 League T94"]
[Site "Internet Chess Club"]
[Date "2022.11.12"]
[Round "5"]
[White "xingon"]
[Black "Kingofknights"]
[Result "1-0"]
[WhiteElo "1346"]
[BlackElo "1497"]
[Opening "QGD Slav: Dutch variation"]
[ECO "D18"]
[Time "11:04:52"]
[PlyCount "93"]
[TimeControl "2700+45"]

1. d4 d5 2. c4 c6 3. Nf3 Nf6 4. Nc3 dxc4 5. a4 Bf5 6. e3 Bd3 7. Bxd3 cxd3 8.
Qxd3 Na6 9. O-O Nb4 10. Qc4 e6 11. Na2 a5 12. Nxb4 Bxb4 13. Bd2 Bxd2 14. Nxd2 e5
15. dxe5 Qxd2 16. exf6 O-O 17. Qg4 g6 18. Qf4 Kh8 19. Rfd1 Qb4 20. Qxb4 axb4 21.
b3 Rfd8 22. e4 g5 23. e5 h6 24. g3 g4 25. h3 h5 26. hxg4 hxg4 27. Kg2 Kh7 28.
Rh1+ Kg6 29. Rh4 Kg5 30. Rah1 Kf5 31. Rh5+ Ke6 32. R1h4 Ra5 33. Rxg4 Rxe5 34.
Rxe5+ Kxe5 35. Rxb4 Rd7 36. Rf4 c5 37. Kh3 Rd4 38. Rf3 Rd6 39. Kg4 Rxf6 40. Rxf6
Kxf6 41. Kf4 b6 42. g4 Ke6 43. Ke4 Kd6 44. f4 c4 45. b4 c3 46. Kd3 c2 47. Kxc2
{Black resigns} 1-0

[Event "Team 45 45 League T94"]
[Site "Internet Chess Club"]
[Date "2022.11.10"]
[Round "5"]
[White "Toalla"]
[Black "Balderdash"]
[Result "1-0"]
[WhiteElo "1107"]
[BlackElo "1210"]
[Opening "two knights defense: Fegatello attack"]
[ECO "C57"]
[Time "12:03:31"]
[PlyCount "135"]
[TimeControl "2700+45"]

1. e4 e5 2. Nf3 Nc6 3. Bc4 Nf6 4. Ng5 d5 5. exd5 Nxd5 6. Nxf7 Kxf7 7. Qf3+ Ke6
8. Nc3 Nb4 9. a3 Nxc2+ 10. Kd1 Nd4 11. Bxd5+ Qxd5 12. Qxd5+ Kf6 13. Ne4+ Kg6 14.
Qxe5 Bg4+ 15. f3 Bxf3+ 16. gxf3 Nxf3 17. Rg1+ Nxg1 18. Qg5+ Kf7 19. Qxg1 Be7 20.
Qf2+ Ke8 21. d4 h6 22. Be3 Rf8 23. Qe2 Rf7 24. Kc2 b6 25. Qb5+ Kf8 26. Rf1 a6
27. Rxf7+ Kxf7 28. Qd5+ Kg6 29. Qxa8 a5 30. Qc6+ Kh7 31. Ng3 Bd6 32. Nf5 Bxh2
33. Bxh6 a4 34. Bxg7 b5 35. Qe4 b4 36. Qh4+ Kg8 37. Qxh2 b3+ 38. Kd3 c5 39. Qb8+
Kh7 40. dxc5 Kg6 41. Ke4 Kh7 42. c6 Kg6 43. Ne7+ Kf7 44. Nd5 Kg6 45. Nf4+ Kg5
46. Bh6+ Kg4 47. Qe8 Kg3 48. Kd3 Kf3 49. Qe3+ Kg4 50. Ne2 Kf5 51. Qf4+ Ke6 52.
Nd4+ Kd5 53. Qf5+ Kd6 54. Qe6+ Kc5 55. Qc4+ Kd6 56. Bf8+ Kc7 57. Ne6+ Kc8 58.
Kd4 Kb8 59. Kd5 Ka7 60. Bc5+ Kb8 61. Kd6 Ka8 62. Nc7+ Kb8 63. Na6+ Kc8 64. Bg1
Kd8 65. Qh4+ Ke8 66. Qh7 Kf8 67. c7 Ke8 68. c8=R# {Black checkmated} 1-0

[Event "Team 45 45 League T94"]
[Site "Internet Chess Club"]
[Date "2022.11.14"]
[Round "5"]
[White "pandaknight"]
[Black "kabubi"]
[Result "0-1"]
[WhiteElo "1076"]
[BlackElo "1170"]
[Opening "English: four knights, Capablanca variation"]
[ECO "A28"]
[Time "20:00:46"]
[PlyCount "100"]
[TimeControl "2700+45"]

1. c4 e5 2. Nc3 Nc6 3. Nf3 Nf6 4. d3 Bb4 5. Bd2 d5 6. cxd5 Nxd5 7. g3 O-O 8. Bg2
Re8 9. O-O a6 10. a3 Nxc3 11. bxc3 Ba5 12. Qc2 Bb6 13. Rfe1 Ne7 14. Nxe5 Nf5 15.
Nc4 Ba7 16. e4 Nd6 17. Nxd6 Qxd6 18. Be3 Bxe3 19. Rxe3 Qc5 20. d4 Qc4 21. Rb1 a5
22. e5 c6 23. Qe2 Qe6 24. f4 b5 25. Qc2 Bd7 26. Rd3 Rac8 27. a4 Qc4 28. axb5
cxb5 29. Re3 g6 30. Bf1 Qd5 31. Qb2 Rb8 32. Qa3 b4 33. cxb4 axb4 34. Rxb4 Bc6
35. Kf2 Qh1 36. Rxb8 Qxh2+ 37. Ke1 Rxb8 38. Re2 Rb1+ 39. Kd2 Qg1 40. Qc3 Bf3 41.
Qxf3 Qxd4+ 42. Kc2 Qb2+ 43. Kd3 Qb3+ 44. Ke4 Qc4+ 45. Ke3 Rb3+ 46. Kf2 Rxf3+ 47.
Kxf3 Qd3+ 48. Kf2 Qd4+ 49. Kg2 Qd5+ 50. Kh2 Qf3 {White resigns} 0-1

[Event "Team 45 45 League T94"]
[Site "Internet Chess Club"]
[Date "2022.11.15"]
[Round "5"]
[White "ARMAND02019"]
[Black "olivermx"]
[Result "1-0"]
[WhiteElo "1581"]
[BlackElo "1333"]
[Opening "Ruy Lopez: exchange variation"]
[ECO "C68"]
[Time "22:52:22"]
[PlyCount "73"]
[TimeControl "2700+45"]

1. e4 e5 2. Nf3 Nc6 3. Bb5 a6 4. Bxc6 dxc6 5. Nxe5 Qd4 6. Nf3 Qxe4+ 7. Qe2 Qxe2+
8. Kxe2 Nf6 9. Re1 Be6 10. Kf1 O-O-O 11. d3 h6 12. Nbd2 Bd6 13. b3 g5 14. Ne4
Nxe4 15. dxe4 f6 16. Bb2 Rhf8 17. Nd4 Bd7 18. Nf5 h5 19. Rad1 Bxf5 20. exf5 Rf7
21. Re6 Rdf8 22. Rde1 Be5 23. Bxe5 fxe5 24. R1xe5 Rxf5 25. Re8+ Rxe8 26. Rxf5
Rg8 27. f4 gxf4 28. Rxh5 Rf8 29. Kf2 Kd7 30. Kf3 Kd6 31. h4 Rf6 32. Rg5 b5 33.
h5 a5 34. Rg6 Rxg6 35. hxg6 Ke6 36. Kxf4 Kf6 37. Ke4 {Black resigns} 1-0

[Event "Team 45 45 League T94"]
[Site "Internet Chess Club"]
[Date "2022.11.11"]
[Round "5"]
[White "Tjet"]
[Black "GINGERsar"]
[Result "0-1"]
[WhiteElo "1233"]
[BlackElo "1162"]
[Opening "Réti: King's Indian attack (Barcza system)"]
[ECO "A07"]
[Time "15:06:33"]
[PlyCount "164"]
[TimeControl "2700+45"]

1. Nf3 d5 2. g3 Nf6 3. Bg2 e6 4. O-O Bc5 5. e3 Nc6 6. d4 Bd6 7. c3 Qe7 8. a3 O-O
9. Nbd2 e5 10. dxe5 Nxe5 11. Nxe5 Bxe5 12. Nf3 Bg4 13. Qc2 c6 14. Nxe5 Qxe5 15.
c4 Qe6 16. cxd5 Nxd5 17. Bd2 Rad8 18. e4 Nf6 19. Bg5 h6 20. Bxf6 Qxf6 21. f3 Be6
22. Rf2 Qd4 23. Kh1 Rd6 24. h4 Qd3 25. Qxd3 Rxd3 26. Rc1 Rfd8 27. Kh2 Rd2 28.
Rc2 Rxc2 29. Rxc2 Bb3 30. Rf2 Kh7 31. f4 Bd1 32. e5 Bg4 33. Be4+ g6 34. Bg2 Kg7
35. Bh3 Bxh3 36. Kxh3 h5 37. f5 Re8 38. fxg6 fxg6 39. Re2 Kf7 40. g4 Ke6 41.
gxh5 gxh5 42. Kg3 Kf5 43. Kf3 Rxe5 44. Rg2 Kf6 45. Rg8 Rb5 46. Rh8 Kg6 47. Rg8+
Kh7 48. Rd8 Rxb2 49. Kf4 Kg6 50. Rd6+ Kg7 51. Kg5 Rb5+ 52. Kf4 Kf7 53. Rd7+ Ke6
54. Rh7 c5 55. Rxh5 a6 56. Rh6+ Kf7 57. Kg4 c4 58. Rh7+ Kf6 59. Rc7 Ra5 60. Rxc4
Rxa3 61. Rb4 b5 62. h5 Ra4 63. Rf4+ Rxf4+ 64. Kxf4 b4 65. Ke3 a5 66. Kd2 Kg5 67.
Kc2 Kxh5 68. Kb3 Kg4 69. Ka4 Kf3 70. Kb3 Ke4 71. Kc4 Ke5 72. Kb3 Kd6 73. Kc4 Kc6
74. Kb3 Kb5 75. Kb2 a4 76. Ka2 Kc4 77. Kb2 b3 78. Kb1 Kc3 79. Kc1 a3 80. Kb1 b2
81. Ka2 Kc2 82. Kxa3 b1=Q {White resigns} 0-1

[Event "Team 45 45 League T94"]
[Site "Internet Chess Club"]
[Date "2022.11.11"]
[Round "5"]
[White "howah45"]
[Black "dwmt"]
[Result "1-0"]
[WhiteElo "1451"]
[BlackElo "1173"]
[Opening "Owen defense"]
[ECO "B00"]
[Time "20:05:29"]
[PlyCount "41"]
[TimeControl "2700+45"]

1. e4 b6 2. d4 Bb7 3. Nc3 d5 4. exd5 Bxd5 5. Nxd5 Qxd5 6. Nf3 c5 7. Bb5+ Nd7 8.
Ne5 O-O-O 9. Bxd7+ Rxd7 10. Nxd7 Qxg2 11. Rf1 Qe4+ 12. Be3 cxd4 13. Nxf8 dxe3
14. Qd7+ Kb8 15. O-O-O e2 16. Qe8+ Kb7 17. Rd7+ Ka6 18. Qc8+ Kb5 19. a4+ Ka5 20.
Rxa7+ Kb4 21. Qc3# {Black checkmated} 1-0

[Event "Team 45 45 League T94"]
[Site "Internet Chess Club"]
[Date "2022.11.14"]
[Round "5"]
[White "oldsj"]
[Black "clarinetref"]
[Result "1-0"]
[WhiteElo "1504"]
[BlackElo "1482"]
[Opening "French: exchange variation"]
[ECO "C01"]
[Time "08:00:47"]
[PlyCount "83"]
[TimeControl "2700+45"]

1. e4 e6 2. d4 d5 3. exd5 exd5 4. c4 Nf6 5. Nc3 Bb4 6. a3 Bxc3+ 7. bxc3 Be6 8.
c5 O-O 9. Be2 b6 10. cxb6 axb6 11. Nf3 Ne4 12. Qc2 Qe7 13. O-O Nd7 14. Bb2 Rfc8
15. Bd3 f5 16. Rfe1 c5 17. Bb5 Ndf6 18. a4 Bd7 19. Ba3 Bxb5 20. axb5 Qc7 21.
dxc5 bxc5 22. c4 d4 23. Nd2 Ng4 24. Nxe4 Qxh2+ 25. Kf1 fxe4 26. Qxe4 Qh1+ 27.
Ke2 Qh4 28. g3 Re8 29. gxh4 Rxe4+ 30. Kd2 Rxe1 31. Kxe1 Re8+ 32. Kf1 Re5 33. b6
Rf5 34. b7 Rxf2+ 35. Ke1 Rf8 36. Bxc5 Rb8 37. Rb1 Ne3 38. Bd6 Nxc4 39. Bxb8 Na3
40. Rb3 Nc2+ 41. Kd2 Ne3 42. Rxe3 {Black resigns} 1-0

[Event "Team 45 45 League T94"]
[Site "Internet Chess Club"]
[Date "2022.11.13"]
[Round "5"]
[White "herrahuu"]
[Black "Andressa"]
[Result "0-1"]
[WhiteElo "1454"]
[BlackElo "1348"]
[Opening "Scotch: Mieses variation"]
[ECO "C45"]
[Time "14:09:49"]
[PlyCount "42"]
[TimeControl "2700+45"]

1. e4 e5 2. Nf3 Nc6 3. d4 exd4 4. Nxd4 Nf6 5. Nxc6 bxc6 6. e5 Nd5 7. c4 Nb6 8.
Nc3 Be7 9. Be2 O-O 10. O-O d6 11. f4 d5 12. cxd5 cxd5 13. Bf3 Bb7 14. a3 Rb8 15.
b4 c5 16. bxc5 Bxc5+ 17. Kh1 d4 18. Na4 Nxa4 19. Qxa4 Bxf3 20. Rxf3 Qh4 21. Bb2
Rxb2 {White resigns} 0-1

[Event "Team 45 45 League T94"]
[Site "Internet Chess Club"]
[Date "2022.11.12"]
[Round "5"]
[White "Gilguli"]
[Black "SeniorCitizen"]
[Result "1/2-1/2"]
[WhiteElo "1363"]
[BlackElo "1281"]
[Opening "French: King's Indian attack"]
[ECO "C00"]
[Time "13:27:48"]
[PlyCount "183"]
[TimeControl "2700+45"]

1. e4 e6 2. d3 d5 3. Nd2 dxe4 4. dxe4 Nf6 5. g3 Be7 6. Bg2 O-O 7. f4 c6 8. h3
Bc5 9. Ngf3 Be3 10. Qe2 Bxd2+ 11. Bxd2 Nbd7 12. O-O-O Re8 13. g4 Nc5 14. Bc3 Qe7
15. Ne5 Ncd7 16. g5 Nxe5 17. gxf6 gxf6 18. fxe5 fxe5 19. Qg4+ Kh8 20. Bxe5+ f6
21. Bc3 Rg8 22. Qf3 e5 23. Bf1 Be6 24. Bd3 Rg6 25. Rhg1 Rag8 26. Rxg6 Rxg6 27.
Rf1 Kg7 28. h4 Bg4 29. Qf2 Bh5 30. Be2 Bxe2 31. Qxe2 Kf7 32. h5 Rg7 33. Qh2 Ke8
34. h6 Rg6 35. Rg1 Kf7 36. Rxg6 Kxg6 37. Qd2 Kf7 38. Qg2 Ke8 39. Qg8+ Kd7 40.
Qg7 Ke8 41. Be1 Qxg7 42. hxg7 Kf7 43. g8=Q+ Kxg8 44. Kd2 Kf7 45. Ke3 Ke6 46. Bg3
f5 47. exf5+ Kxf5 48. Kf3 h5 49. Ke3 b5 50. b4 a6 51. c3 e4 52. Bf2 Ke5 53. Bh4
Kf5 54. Bd8 Ke5 55. Bc7+ Kd5 56. Kf4 h4 57. Kg4 Kc4 58. Be5 Kd3 59. Kxh4 e3 60.
Bg3 Kxc3 61. Kg4 Kxb4 62. Be1+ Ka3 63. Kf3 Kxa2 64. Kxe3 Kb3 65. Kd3 c5 66. Ba5
c4+ 67. Kd2 b4 68. Kc1 Ka4 69. Bc7 Kb5 70. Be5 a5 71. Kb2 a4 72. Bd4 a3+ 73. Ka2
Ka4 74. Be5 c3 75. Kb1 Kb3 76. Bd4 a2+ 77. Ka1 Kc4 78. Be3 c2 79. Bc1 b3 80. Kb2
Kb4 81. Bd2+ Kc4 82. Bc1 Kd3 83. Bg5 Ke2 84. Bf4 Kd1 85. Be3 a1=Q+ 86. Kxa1 Ke2
87. Bc1 Kd3 88. Kb2 Kc4 89. Bd2 Kd3 90. Bc1 Kc4 91. Bd2 Kd3 92. Bc1 {Game drawn
by repetition} 1/2-1/2

[Event "Team 45 45 League T94"]
[Site "Internet Chess Club"]
[Date "2022.11.13"]
[Round "5"]
[White "woofgang"]
[Black "NATYNL09"]
[Result "1-0"]
[WhiteElo "1188"]
[BlackElo "1118"]
[Opening "Queen's pawn game"]
[ECO "D04"]
[Time "12:00:54"]
[PlyCount "103"]
[TimeControl "2700+45"]

1. d4 d5 2. Nf3 Nf6 3. e3 Nc6 4. Bd3 Bg4 5. Nbd2 e6 6. O-O Bd6 7. a3 O-O 8. c4
Ne4 9. Nxe4 dxe4 10. Bxe4 Qf6 11. Qd3 Bxf3 12. Bxf3 Rab8 13. b4 a6 14. Bb2 Nd8
15. e4 Bf4 16. g3 Bh6 17. e5 Qe7 18. Be4 g6 19. f4 f5 20. Bg2 g5 21. d5 c6 22.
d6 Qg7 23. Bc1 g4 24. Be3 Ra8 25. Rad1 Nf7 26. Bb6 Nd8 27. Qe2 Nf7 28. d7 Kh8
29. Rd2 Nd8 30. Rd6 Qe7 31. Rfd1 Nf7 32. R6d3 Nd8 33. Bc5 Qf7 34. Bxf8 Bxf8 35.
c5 Kg8 36. h3 Qg6 37. hxg4 fxg4 38. Be4 Qg7 39. Rf1 Qh6 40. f5 Nf7 41. Qxg4+ Bg7
42. fxe6 Nxe5 43. Qf4 Nxd3 44. Qf7+ Kh8 45. e7 Qe3+ 46. Kg2 Qxe4+ 47. Kh3 Nf2+
48. Rxf2 Qh1+ 49. Rh2 Qd1 50. e8=Q+ Rxe8 51. dxe8=Q+ Bf8 52. Qexf8# {Black
checkmated} 1-0

[Event "Team 45 45 League T94"]
[Site "Internet Chess Club"]
[Date "2022.11.10"]
[Round "5"]
[White "Portola"]
[Black "fireball"]
[Result "1-0"]
[WhiteElo "1691"]
[BlackElo "1598"]
[Opening "Queen's pawn game, Darooha variation "]
[ECO "D02"]
[Time "16:32:04"]
[PlyCount "95"]
[TimeControl "2700+45"]

1. d4 d5 2. Nf3 Nf6 3. c3 Bg4 4. Bg5 e6 5. Nbd2 Be7 6. e3 Nc6 7. Bb5 O-O 8. Qc2
Bf5 9. Bd3 Bxd3 10. Qxd3 h6 11. Bh4 g5 12. Bg3 Bd6 13. O-O-O a6 14. e4 dxe4 15.
Nxe4 Nxe4 16. Qxe4 Qc8 17. h4 f5 18. Qc2 g4 19. Nd2 Bxg3 20. fxg3 h5 21. Rhf1 b5
22. Nb3 Qe8 23. Rde1 Qf7 24. Qd2 Qf6 25. Nc5 Rfe8 26. Ne4 Qg6 27. Ng5 Nd8 28.
Re5 Nf7 29. Nxf7 Kxf7 30. Qf4 Re7 31. d5 Rf8 32. dxe6+ Ke8 33. Rc5 Qxe6 34. Rd1
Qe3+ 35. Qxe3 Rxe3 36. Rxc7 Rf7 37. Rc8+ Ke7 38. Rc7+ Kf6 39. Rc6+ Re6 40. Rdd6
Re7 41. Rxa6 Rxd6 42. Rxd6+ Re6 43. Rxe6+ Kxe6 44. Kd2 Kd5 45. Ke3 Ke5 46. b3
Ke6 47. a4 bxa4 48. bxa4 {Black resigns} 1-0

[Event "Team 45 45 League T94"]
[Site "Internet Chess Club"]
[Date "2022.11.14"]
[Round "5"]
[White "vollmerj"]
[Black "rubo"]
[Result "0-1"]
[WhiteElo "1475"]
[BlackElo "1482"]
[Opening "Réti: King's Indian attack"]
[ECO "A05"]
[Time "18:30:23"]
[PlyCount "22"]
[TimeControl "2700+45"]

1. Nf3 Nf6 2. g3 g6 3. b3 Bg7 4. Bb2 d5 5. Bg2 O-O 6. O-O Re8 7. d3 Nbd7 8. c4
e5 9. cxd5 Nxd5 10. Nc3 e4 11. dxe4 Nxc3 {White resigns} 0-1